 Dungeon Crawl Stone Soup version 0.17-a0-1446-gc28613e (webtiles) character file.

748 Snupthedog the Ducker (level 7, -1/36 HPs)
             Began as a Tengu Wizard on June 28, 2015.
             Shot with a poisoned arrow by a centaur (12 damage)
             ... on level 5 of the Dungeon.
             The game lasted 00:23:26 (6232 turns).

Snupthedog the Ducker (Tengu Wizard)                Turns: 6232, Time: 00:23:26

Health: -1/36      AC: 12    Str:  9    XL:     7   Next: 77%
Magic:  12/14      EV: 14    Int: 18    God:
Gold:   243        SH:  0    Dex: 13    Spells: 5 memorised, 3 levels left

rFire  . . .     SeeInvis +     f - +1 dagger (venom)
rCold  . . .     Clarity  .     w - +0 leather armour
rNeg   . . .     SustAt   .     (no shield)
rPois  .         Gourm    .     b - +0 hat
rElec  .         Spirit   .     x - +0 cloak
rCorr  .         Warding  .     (no gloves)
rMut   .         Stasis   .     (boots unavailable)
MR     .....                    (no amulet)
Stlth  ++........               n - ring of Robustness {AC+8}
                                k - ring of see invisible

@: lethally poisoned (-1 -> -13), very slightly contaminated, not resistant to
hostile enchantments, unstealthy
A: beak, talons 3, able to fly 1
a: Fly


You were on level 5 of the Dungeon.
You were not hungry.

You visited 1 branch of the dungeon, and saw 5 of its levels.

You collected 243 gold pieces.

Inventory:

Hand weapons
 f - a +1 dagger of venom (weapon)
Armour
 b - a +0 hat (worn)
 w - a +0 leather armour (worn)
 x - a +0 cloak (worn)
Jewellery
 h - an uncursed ring of invisibility
 k - a ring of see invisible (left hand)
 n - the ring of Robustness (right hand) {AC+8}
   (You found it on level 5 of the Dungeon)

   [ring of protection]

   It affects your AC (+8).
 u - an uncursed ring of protection from cold
Magical devices
 m - a wand of invisibility (5)
 r - a wand of digging (9)
Scrolls
 a - a scroll of remove curse
 v - 2 scrolls of recharging
Potions
 g - a potion of poison
 l - a potion of brilliance
 o - a potion of heal wounds {unknown}
 p - a potion of flight {unknown}
 t - a potion of agility {unknown}
Books
 c - a book of Minor Magic

   Spells                             Type                      Level
   a - Magic Dart                     Conjuration                  1
   b - Blink                          Translocation                2
   c - Call Imp                       Summoning                    2
   d - Repel Missiles                 Charms/Air                   2
   e - Slow                           Hexes                        2
   f - Conjure Flame                  Conjuration/Fire             3
   g - Mephitic Cloud                 Conjuration/Poison/Air       3
 e - Soozxoud's Catalogue of the Captivating Mountains
   (You found it on level 5 of the Dungeon)

   Spells                             Type                      Level
   a - Confusing Touch                Hexes                        2
   b - Stone Arrow                    Conjuration/Earth            3
   c - Confuse                        Hexes                        3
   d - Passwall                       Transmutation/Earth          3
   e - Shatter                        Earth                        9
Comestibles
 d - 3 bread rations
 i - a beef jerky


   Skills:
 + Level 3.4 Short Blades
 - Level 4.2 Armour
 - Level 5.2 Dodging
 - Level 2.0 Stealth
 + Level 4.3 Spellcasting
 + Level 3.1 Conjurations
   Level 1.2 Summonings
 - Level 1.0 Translocations
 + Level 2.1 Air Magic


You had 3 spell levels left.
You knew the following spells:

 Your Spells              Type           Power        Failure   Level  Hunger
a - Magic Dart            Conj           ###.         8%          1    None
b - Blink                 Tloc           N/A          21%         2    ##.....
c - Repel Missiles        Chrm/Air       #.....       21%         2    ##.....
d - Mephitic Cloud        Conj/Pois/Air  ##......     34%         3    ###....
e - Conjure Flame         Conj/Fire      #.......     34%         3    ###....


Dungeon Overview and Level Annotations

Branches:
Dungeon (5/15)
 Temple: D:4-7

Altars:
Cheibriados
Fedhas
Nemelex Xobeh
Xom
The Shining One


Innate Abilities, Weirdness & Mutations

You have a beak for a mouth.
You have claws for feet.
You can fly.


Message History

The scorpion poisons you!
Unknown command.
You feel sick.
The centaur shoots a poisoned arrow.
The poisoned arrow hits you but does no damage.
You are lethally poisoned!
Items here: ( ) [ † 2 poisoned arrows; a dagger; a robe; an orc corpse Drink which item? (? for menu, Esc to quit)
Okay, then.
You feel sick.
You feel sick.
You feel sick.
You feel sick.
You kill the scorpion!
Your Air Magic skill increases to level 2!
You feel sick.
You feel sick.
You feel sick.
The centaur shoots a poisoned arrow.
The poisoned arrow hits you!
You die...

.#.(......####................#..
b..<...#### #........##.#..##..
..#o##.# ..#....#.# ....##..
..o....# ###......###.......
....c..# #...#.............
.......# ###.###........##.
.......# ##........####...
........#.###....#.#### #.
................@..#
........#####o.#####
........####...# .......((.†c.##
.......(##...# ..o....###...#
....... #...# ....... #...#
###.#.. #####


You could see a centaur and an orc.

Vanquished Creatures
  Eustachio (D:4)
  A phantom (D:4)
  Blork the orc (D:4)
  2 scorpions (D:5)
  A crimson imp (D:5)
  An orc priest (D:4)
  An orc wizard (D:4)
  A hound (D:5)
  Jessica (D:2)
  A worker ant (D:5)
  6 adders
  A worker ant zombie (D:5)
  2 worms (D:2)
  2 giant geckos (D:2)
  3 orcs
  A ball python (D:2)
  5 bats
  3 bat skeletons
  A bat zombie (D:5)
  7 giant cockroaches
  13 goblins
  13 hobgoblins
  3 quokkas (D:4)
  3 giant newts
  7 jackals (D:2)
  7 kobolds
  8 rats
  A plant (D:1)
97 creatures vanquished.

Vanquished Creatures (others)
  An orc wizard (D:5)
1 creature vanquished.

Grand Total: 98 creatures vanquished

Notes
Turn   | Place    | Note
--------------------------------------------------------------
     0 | D:1      | Snupthedog the Tengu Wizard began the quest for the Orb.
     0 | D:1      | Reached XP level 1. HP: 10/10 MP: 5/5
   171 | D:1      | Reached XP level 2. HP: 4/15 MP: 0/7
   717 | D:1      | Learned a level 2 spell: Blink
  1342 | D:2      | Learned a level 2 spell: Repel Missiles
  1367 | D:2      | Reached skill level 1 in Short Blades
  1367 | D:2      | Reached XP level 3. HP: 19/19 MP: 8/8
  2342 | D:3      | Reached XP level 4. HP: 24/24 MP: 9/9
  2366 | D:3      | Found a glowing golden altar of the Shining One.
  2406 | D:3      | Learned a level 3 spell: Mephitic Cloud
  2446 | D:3      | Found a sparkling altar of Nemelex Xobeh.
  2482 | D:3      | Found a snail-covered altar of Cheibriados.
  2967 | D:2      | Found a shimmering altar of Xom.
  3021 | D:2      | Noticed Jessica
  3023 | D:2      | Killed Jessica
  3023 | D:2      | Reached skill level 4 in Dodging
  3023 | D:2      | Gained mutation: You can fly. [Tengu growth]
  3023 | D:2      | Reached XP level 5. HP: 28/28 MP: 10/10
  3892 | D:4      | Found a blossoming altar of Fedhas.
  4113 | D:4      | Noticed Eustachio
  4136 | D:4      | Killed Eustachio
  4136 | D:4      | Reached skill level 1 in Armour
  4136 | D:4      | Reached skill level 5 in Dodging
  4136 | D:4      | Reached skill level 1 in Air Magic
  4136 | D:4      | Reached XP level 6. HP: 20/32 MP: 0/11
  4267 | D:5      | Entered Level 5 of the Dungeon
  4520 | D:4      | Reached skill level 1 in Translocations
  4929 | D:4      | Noticed Blork the orc
  4949 | D:4      | Killed Blork the orc
  5201 | D:4      | Noticed a phantom
  5244 | D:4      | Learned a level 3 spell: Conjure Flame
  5695 | D:4      | Killed a phantom
  5695 | D:4      | Reached XP level 7. HP: 28/36 MP: 9/13
  6080 | D:5      | Identified Soozxoud's Catalogue of the Captivating Mountains
  6232 | D:5      | Shot with a poisoned arrow by a centaur

Vault maps used:
D:1:      dpeg_arrival_boxes_within_box, serial_forest,
          infiniplex_forest_lined_4_way, infiniplex_forest_fountain,
          infiniplex_forest_lined_4_way, infiniplex_forest_clump_double,
          infiniplex_forest_lined_3, infiniplex_forest_split,
          infiniplex_forest_lined_3_way
D:2:      xom_butterflies, uniq_jessica
D:3:      tso_metal_star, cheibriados_altar_1, first_bread, st_stairs_14,
          nemelex_diamond_rough_becter
D:4:      kennysheep_six_static_rooms, old_standard_altar, uniq_blork_the_orc,
          uniq_eustachio

Action                   |  1- 3 |  4- 6 |  7- 9 || total
-------------------------+-------+-------+-------++-------
Melee: Unarmed           |    23 |       |       ||    23
       Dagger            |    85 |   144 |    97 ||   326
 Cast: Magic Dart        |    17 |    11 |       ||    28
       Repel Missiles    |     1 |     2 |       ||     3
       Blink             |     1 |     3 |       ||     4
       Conjure Flame     |       |     3 |       ||     3
       Mephitic Cloud    |       |       |     4 ||     4
Evoke: Wand              |       |       |     1 ||     1
  Use: Scroll            |     6 |    10 |     2 ||    18
       Potion            |       |     3 |       ||     3
 Stab: Sleeping          |     4 |     3 |       ||     7
       Invisible         |       |     1 |     2 ||     3
       Confused          |       |       |     2 ||     2
  Eat: Bread ration      |     1 |       |       ||     1
       Chunk             |       |     7 |       ||     7
       Pizza             |       |     1 |       ||     1
       Meat ration       |       |     1 |       ||     1
       Beef jerky        |       |     1 |       ||     1
